[Event "FRA-ch Open A-D 2018"]
[Site "Nimes"]
[Date "2018.08.18"]
[Round "1"]
[White "Kozlowski, Thierry"]
[Black "Verhille, Elie"]
[Result "0-1"]
[ECO "A05"]
[WhiteElo "1993"]
[BlackElo "1862"]
[Annotator "NA RC"]
[PlyCount "82"]
[EventDate "2018.08.18"]
[EventType "tourn"]
[EventCountry "FRA"]
[SourceTitle "playchess.com"]
[Source "ChessBase"]
[SourceQuality "1"]
[TimeControl "40/5400+30:1800+30"]

1. Nf3 Nf6 2. c4 g6 3. b3 Bg7 4. Bb2 O-O 5. g3 b6 6. Bg2 Bb7 7. O-O d5 8. Na3 c5 9. cxd5 Bxd5 10. Rc1 Nbd7 11. Rc2 a5 12. Nb5 a4 13. bxa4 Rxa4 14. Nc3 Ra7 15. Nxd5 Nxd5 16. Bxg7 Kxg7 17. Qa1+ Kg8 18. d4 Rc7 19. dxc5 Rxc5 20. Rxc5 bxc5 21. Rd1 N5b6 22. Ne5 Qc7 23. Nc6 Nb8 24. Ne5 N8d7 25. Ng4 h5 26. Ne3 Rc8 27. a4 Ne5 28. a5 Nbc4 29. Nd5 Qa7 30. a6 Nc6 31. Qa4 Nb2 32. Qb3 Nxd1 33. Qxd1 Qxa6 34. e3 Qa7 35. g4 hxg4 36. Qxg4 Rd8 37. h4 Qa1+ 38. Kh2 Rxd5 39. Bxd5 Qe5+ 40. Kh3 Qxd5 41. e4 Qe6 0-1

[Event "FRA-ch Open A-D 2018"]
[Site "Nimes"]
[Date "2018.08.18"]
[Round "1"]
[White "Moullier, Igor"]
[Black "Baudon, Andrew"]
[Result "1/2-1/2"]
[ECO "C42"]
[WhiteElo "1969"]
[BlackElo "1860"]
[Annotator "NA RC"]
[PlyCount "67"]
[EventDate "2018.08.18"]
[EventType "tourn"]
[EventCountry "FRA"]
[SourceTitle "playchess.com"]
[Source "ChessBase"]
[SourceQuality "1"]
[TimeControl "40/5400+30:1800+30"]

1. e4 e5 2. Nf3 Nf6 3. Nxe5 d6 4. Nf3 Nxe4 5. c4 c6 6. d4 d5 7. Nc3 Bb4 8. Qb3 Qa5 9. Bd2 Nxd2 10. Kxd2 O-O 11. Rd1 c5 12. cxd5 cxd4 13. Nxd4 Rd8 14. Kc1 Bxc3 15. bxc3 Nd7 16. Be2 Nc5 17. Qb4 Qxb4 18. cxb4 Ne4 19. Rhf1 a5 20. b5 Nc3 21. Rd2 Bd7 22. Kb2 Rac8 23. Bf3 Bxb5 24. Rc1 Na4+ 25. Kb1 Ba6 26. Rxc8 Rxc8 27. Nf5 Kf8 28. Rd4 b5 29. h4 b4 30. Ne3 Nc3+ 31. Kb2 Na4+ 32. Kb1 Nc3+ 33. Kb2 Na4+ 34. Kb1 1/2-1/2

[Event "FRA-ch Open A-D 2018"]
[Site "Nimes"]
[Date "2018.08.18"]
[Round "1"]
[White "Wilfert, Fabrice"]
[Black "Partinico, Jeremy"]
[Result "1-0"]
[ECO "B23"]
[WhiteElo "1862"]
[BlackElo "1990"]
[Annotator "NA RC"]
[PlyCount "99"]
[EventDate "2018.08.18"]
[EventType "tourn"]
[EventCountry "FRA"]
[SourceTitle "playchess.com"]
[Source "ChessBase"]
[SourceQuality "1"]
[TimeControl "40/5400+30:1800+30"]

1. e4 c5 2. Nc3 e6 3. f4 d5 4. d3 Nc6 5. Nf3 g6 6. g3 Bg7 7. Bg2 Nge7 8. Bd2 {[%emt 0:14:12] B24: Closed Sicilian: 3 g3 sidelines} (8. O-O O-O 9. Qe2 b6 10. g4 Qd7 11. Qf2 Bb7 12. Bd2 Nd4 13. Ne5 Qc7 14. exd5 exd5 15. Rac1 {½-½ (15) Dembo,Y (2457)-Kulaots,K (2601) Aix les Bains 2011}) 8... O-O 9. Rb1 Rb8 10. O-O b5 11. Ne2 a5 12. c3 $146 ({Predecessor:} 12. e5 d4 13. g4 Nd5 14. Ng3 f5 15. gxf5 gxf5 16. Ng5 h6 17. Nh3 {½-½ (26) Taeger,T (2414)-Kerek,C (2190) Eger 1996}) 12... b4 13. Be3 dxe4 14. dxe4 Ba6 15. Re1 bxc3 16. bxc3 Qxd1 17. Rbxd1 Rb2 18. Rd2 Rfb8 19. Bf1 Rxd2 20. Bxd2 Rb2 21. Nc1 Bxf1 22. Rxf1 c4 23. Rd1 Rc2 24. Ne1 Rb2 25. Nf3 Kf8 26. e5 Nd5 27. a3 Ke7 $19 28. Ng5 f6 29. exf6+ Bxf6 30. Ne4 Bg7 31. Kf1 Rc2 32. Ne2 Ra2 33. Bc1 Ra1 34. Ke1 a4 35. Kd2 Na5 36. Bb2 Ra2 37. Kc1 Ne3 38. Re1 Nb3+ 39. Kb1 Rxb2+ 40. Kxb2 Nd5 41. Nc1 Nc5 42. Kc2 Nb3 43. Na2 h6 44. Nb4 Kd7 45. Rd1 Nd4+ 46. Rxd4 Bxd4 47. cxd4 Nxb4+ 48. axb4 Kc6 49. Nc3 a3 50. Kb1 1-0

[Event "FRA-ch Open A-D 2018"]
[Site "Nimes"]
[Date "2018.08.18"]
[Round "1"]
[White "Muzzarelli, Hogan"]
[Black "Lebugle, Philippe"]
[Result "0-1"]
[ECO "D31"]
[WhiteElo "1860"]
[BlackElo "1967"]
[Annotator "NA RC"]
[PlyCount "112"]
[EventDate "2018.08.18"]
[EventType "tourn"]
[EventCountry "FRA"]
[SourceTitle "playchess.com"]
[Source "ChessBase"]
[SourceQuality "1"]
[TimeControl "40/5400+30:1800+30"]

1. d4 d5 2. c4 e6 3. Nc3 f5 4. Nf3 Nf6 5. Bf4 c6 6. e3 Be7 7. c5 {[%emt 0:05:58] A84: Dutch Defence: 2 c4 Miscellaneous} (7. Bd3 O-O 8. h3 Ne4 9. Qb3 Nd7 10. cxd5 cxd5 11. Rc1 a6 12. O-O g5 13. Bh2 Ndf6 14. Rc2 g4 15. Ne5 Bd6 16. Ne2 gxh3 17. gxh3 Ng5 18. Nf4 Bxe5 19. dxe5 Ne8 20. f3 Kh8 21. Kh1 Ng7 22. Rg2 Ne8 23. Qb4 {1-0 (23) Diermair,A (2508)-Fauland,A (2419) Vienna 2018}) 7... O-O 8. Be2 Nbd7 $146 ({Predecessor:} 8... Ne4 9. Qc2 a5 10. Bxb8 Rxb8 11. Na4 f4 12. exf4 Rxf4 13. Bd3 e5 14. dxe5 {0-1 (25) Almeida,H (1793)-De Arruda Filho,N (1953) Cuiaba 2017}) 9. Ng5 Nb8 10. Nf3 Re8 11. O-O Nbd7 12. Qc2 Nf8 13. Ne5 N6d7 14. h3 Bf6 15. b4 Nxe5 16. Bxe5 Be7 17. Qa4 Bd7 18. Rab1 Ng6 19. f4 Nxe5 20. dxe5 a5 21. Kf2 b5 22. Qb3 axb4 23. Qxb4 Qa5 24. Qxa5 Rxa5 25. a4 Bxc5 26. axb5 d4 27. bxc6 Bxc6 28. Nd1 Be4 29. Rb3 Rd8 30. exd4 Bxd4+ 31. Kg3 Bc2 32. Rb7 Be4 33. Re7 Bd5 34. Nf2 Ra2 35. Bb5 Kf8 36. Rc7 Rb8 37. Bc4 Bxc4 38. Rxc4 Rb3+ 39. Kh2 Bxf2 40. Rc8+ Kf7 41. Rd1 Bg3+ 42. Kg1 Rbb2 43. Kf1 Rf2+ 44. Kg1 Rxg2+ 45. Kh1 Rh2+ 46. Kg1 Rag2+ (46... Rxh3 $142 47. Rc7+ Kg6 48. Rf1 Bh2+ 49. Kh1 Bxf4+ 50. Kg1 Bh2+ 51. Kh1 Bxe5+ 52. Kg1 Bxc7 53. Rf2 Bb6 54. Kf1 Rxf2+ 55. Kg1 Rd2+ 56. Kf1 Rh1#) 47. Kf1 Rd2 (47... Rb2 $142 48. Kg1 Rxh3 49. Rd3 Bf2+ 50. Kf1 Be3 51. Rc7+ Kg6 52. Rxg7+ Kxg7 53. Rd7+ Kg6 54. Rg7+ Kxg7 55. Ke1 Rh1#) 48. Rxd2 Rxd2 49. Rc7+ Kf8 50. Rc8+ Ke7 51. Rh8 h6 52. Rg8 Kf7 53. Rc8 Bxf4 54. Rc7+ Kf8 55. Rc8+ Ke7 $19 56. Rg8 Bxe5 0-1

[Event "FRA-ch Open A-D 2018"]
[Site "Nimes"]
[Date "2018.08.18"]
[Round "1"]
[White "Christophe Hayot, Romain"]
[Black "Courreur, Alexandre"]
[Result "1-0"]
[ECO "B23"]
[WhiteElo "1797"]
[BlackElo "1639"]
[Annotator "NA RC"]
[PlyCount "113"]
[EventDate "2018.08.18"]
[EventType "tourn"]
[EventCountry "FRA"]
[SourceTitle "playchess.com"]
[Source "ChessBase"]
[SourceQuality "1"]
[TimeControl "40/5400+30:1800+30"]

1. e4 c5 2. Nc3 Nc6 3. f4 e6 4. Nf3 g6 5. Be2 Bg7 6. O-O Nge7 7. Kh1 O-O 8. d3 d5 9. e5 Nf5 10. Qe1 a6 11. Bd2 b5 12. Qf2 Qe7 13. Bd1 Bb7 14. Ne2 b4 15. Ng3 Nh6 16. h3 a5 17. c3 a4 18. cxb4 Nxb4 19. Bxb4 cxb4 20. Rc1 Rfc8 21. Be2 Rxc1 22. Rxc1 Rc8 23. Rxc8+ Bxc8 24. Qb6 f6 25. d4 Nf7 26. Bb5 a3 27. b3 Qb7 28. Qa5 fxe5 29. fxe5 Bf8 30. Be8 Be7 31. h4 Nd8 32. Qb5 Qxb5 33. Bxb5 Kg7 34. Nf1 Bb7 35. Kg1 Nc6 36. N1d2 h6 37. Kf2 Kf7 38. g4 Bd8 39. Ke3 Bb6 40. Bd3 Ne7 41. Nf1 Nc6 42. Ng3 Na5 43. Nd2 Nc6 44. Nf3 Na5 45. Bb1 Ba6 46. Ne2 Nc6 47. Nf4 Bf1 48. Bxg6+ Ke7 49. g5 hxg5 50. hxg5 Na5 51. Bb1 Nc6 52. g6 Nd8 53. g7 Kf7 54. Nh5 Kg8 55. Ng5 Bxd4+ 56. Kxd4 Nc6+ 57. Kc5 1-0

[Event "FRA-ch Open A-D 2018"]
[Site "Nimes"]
[Date "2018.08.18"]
[Round "1"]
[White "Salah, Samir"]
[Black "Fossella, Manuel"]
[Result "1/2-1/2"]
[ECO "C68"]
[WhiteElo "1759"]
[BlackElo "1638"]
[Annotator "NA RC"]
[PlyCount "48"]
[EventDate "2018.08.18"]
[EventType "tourn"]
[EventCountry "FRA"]
[SourceTitle "playchess.com"]
[Source "ChessBase"]
[SourceQuality "1"]
[TimeControl "40/5400+30:1800+30"]

1. e4 e5 2. Nf3 Nc6 3. Bb5 a6 4. Bxc6 dxc6 5. O-O Bg4 6. h3 Bxf3 7. Qxf3 Qf6 8. Qb3 Rb8 9. d3 Bc5 10. Be3 Bxe3 11. fxe3 Qe7 12. Nd2 Nf6 13. Qc3 O-O 14. Nc4 Rfe8 15. Rf5 Nd7 16. Raf1 f6 17. Nd2 Qc5 18. Qb3+ Kh8 19. R5f3 Qe7 20. R1f2 Nc5 21. Qc3 Na4 22. Qb3 Nc5 23. Qc3 Na4 24. Qb3 g6 1/2-1/2

[Event "FRA-ch Open A-D 2018"]
[Site "Nimes"]
[Date "2018.08.18"]
[Round "1"]
[White "Cregut, Marian"]
[Black "Filipic, Pierre"]
[Result "1-0"]
[ECO "C65"]
[WhiteElo "1638"]
[BlackElo "1779"]
[Annotator "NA RC"]
[PlyCount "141"]
[EventDate "2018.08.18"]
[EventType "tourn"]
[EventCountry "FRA"]
[SourceTitle "playchess.com"]
[Source "ChessBase"]
[SourceQuality "1"]
[TimeControl "40/5400+30:1800+30"]

1. e4 e5 2. Nf3 Nc6 3. Bb5 Nf6 4. d3 d6 5. h3 h6 6. c3 Bd7 7. Ba4 Be7 8. Nbd2 a6 9. O-O b5 10. Bb3 Na5 11. Bc2 c5 12. d4 exd4 13. cxd4 c4 14. e5 dxe5 15. dxe5 Nd5 16. Nxc4 Nb4 17. Nd6+ Kf8 18. Be4 Bc6 19. Bf4 Bxe4 20. Nxe4 Nd3 21. Bc1 Nc4 22. b3 Ncxe5 23. Nxe5 Nxe5 24. Be3 f5 25. Nc3 Qxd1 26. Rfxd1 Rc8 27. Rac1 Ba3 28. Rc2 Kf7 29. Bd4 Rhd8 30. Rcd2 Nc6 31. Ne2 Nxd4 32. Nxd4 Rc1 33. Rxc1 Bxc1 34. Rc2 Bf4 35. g3 Rxd4 36. gxf4 Ke6 37. Kg2 a5 38. Rc5 Rd5 39. Rc6+ Kf7 40. Ra6 b4 41. Kf3 g6 42. Ke3 Kg7 43. Ke2 g5 44. Ke3 g4 45. hxg4 fxg4 46. Ke4 Rb5 47. f5 h5 48. Kf4 Rc5 49. Kg5 Re5 50. Ra7+ Kf8 51. Kf6 Re8 52. Rxa5 h4 53. Ra7 h3 54. Rh7 Kg8 55. Rh4 Re4 56. Rh5 Re2 57. Rg5+ Kf8 58. Rxg4 Rxf2 59. Rxb4 Ke8 60. a4 Rb2 61. Rb7 h2 62. Rh7 Rxb3 63. Rxh2 Rb6+ 64. Ke5 Ra6 65. Ra2 Ra5+ 66. Kf6 Ra6+ 67. Kg7 Ra7+ 68. Kg6 Ra6+ 69. f6 Kd7 70. Kg7 Ke6 71. f7 1-0

[Event "FRA-ch Open A-D 2018"]
[Site "Nimes"]
[Date "2018.08.18"]
[Round "1"]
[White "Flouret, Jean-Frederie"]
[Black "Perrin, Yves"]
[Result "0-1"]
[ECO "C00"]
[WhiteElo "1630"]
[BlackElo "1755"]
[Annotator "NA RC"]
[PlyCount "68"]
[EventDate "2018.08.18"]
[EventType "tourn"]
[EventCountry "FRA"]
[SourceTitle "playchess.com"]
[Source "ChessBase"]
[SourceQuality "1"]
[TimeControl "40/5400+30:1800+30"]

1. e4 e6 2. d4 c5 3. Nf3 Qb6 4. d5 Nf6 5. dxe6 dxe6 6. Nc3 a6 7. Bc4 Qb4 8. Qe2 b5 9. Bb3 c4 10. a3 Qa5 11. Ba2 Bb7 12. Bd2 Qc7 13. O-O Nbd7 14. Ng5 h6 15. Nh3 g5 16. f3 Bd6 17. g3 Rg8 18. Kh1 Nh5 19. f4 g4 20. Nf2 Nhf6 21. Kg1 Bc5 22. Be3 h5 23. Rad1 h4 24. f5 hxg3 25. Nh1 gxh2+ 26. Kg2 Nxe4 27. Nxe4 Bxe4+ 28. Kf2 g3+ 29. Ke1 g2 30. fxe6 fxe6 31. Qh5+ Bg6 32. Qf3 gxf1=Q+ 33. Qxf1 Qe5 34. Qf4 Qxe3+ 0-1

[Event "FRA-ch Open A-D 2018"]
[Site "Nimes"]
[Date "2018.08.18"]
[Round "1"]
[White "Koch, Emilie"]
[Black "Leglise, Michel"]
[Result "1-0"]
[ECO "C50"]
[WhiteElo "1498"]
[BlackElo "1263"]
[Annotator "NA RC"]
[PlyCount "69"]
[EventDate "2018.08.18"]
[EventType "tourn"]
[EventCountry "FRA"]
[SourceTitle "playchess.com"]
[Source "ChessBase"]
[SourceQuality "1"]
[TimeControl "40/5400+30:1800+30"]

1. e4 e5 2. Nf3 Nc6 3. Bc4 h6 4. d3 d6 5. c3 a6 6. a4 Bd7 7. Be3 Na5 8. Ba2 b5 9. axb5 Bxb5 10. Bxf7+ Kxf7 11. Rxa5 c6 12. Ra2 c5 13. O-O Nf6 14. Nh4 g5 15. Nf5 c4 16. d4 Nxe4 17. Qh5+ Ke6 18. Qg4 Kd5 19. Qf3 Qf6 20. Nd2 Bd7 21. Qxe4+ Ke6 22. Qxa8 Qxf5 23. Rxa6 Bg7 24. Qf3 Qxf3 25. Nxf3 Rb8 26. Rb1 Kd5 27. dxe5 dxe5 28. Rd1+ Ke4 29. Rxd7 Rxb2 30. h3 Bf8 31. Re6 Kf5 32. Rxe5+ Kg6 33. Re8 Bg7 34. Ne5+ Kf6 35. Rf7# 1-0

[Event "FRA-ch Open A-D 2018"]
[Site "Nimes"]
[Date "2018.08.18"]
[Round "1"]
[White "Candela, Leo Thierry"]
[Black "Petit, Michel"]
[Result "1-0"]
[ECO "A02"]
[WhiteElo "1496"]
[BlackElo "1258"]
[Annotator "NA RC"]
[PlyCount "67"]
[EventDate "2018.08.18"]
[EventType "tourn"]
[EventCountry "FRA"]
[SourceTitle "playchess.com"]
[Source "ChessBase"]
[SourceQuality "1"]
[TimeControl "40/5400+30:1800+30"]

1. f4 Nc6 2. e3 d5 3. Nf3 Bg4 4. Be2 Nf6 5. O-O Qd7 6. d4 a6 7. c3 b5 8. a3 h6 9. Nbd2 Qe6 10. Ne5 Bxe2 11. Qxe2 Nxe5 12. fxe5 Nd7 13. Qf3 c6 14. Qg3 O-O-O 15. a4 Nb8 16. Nb3 Qg6 17. Qf4 f6 18. e6 Rd6 19. Nc5 Qe8 20. axb5 cxb5 21. b3 Qc6 22. Ba3 Rxe6 23. Qf5 Nd7 24. Nxe6 g6 25. Qh3 f5 26. Nxf8 Nxf8 27. Bxe7 Ne6 28. Bf6 Rh7 29. Qg3 Qe8 30. Rxa6 Qf7 31. Ra8+ Kd7 32. Ra7+ Ke8 33. Qb8+ Nd8 34. Qxd8# 1-0

[Event "FRA-ch Open A-D 2018"]
[Site "Nimes"]
[Date "2018.08.18"]
[Round "1"]
[White "Navarro, Vincent"]
[Black "Pujals, Ines"]
[Result "1-0"]
[ECO "B54"]
[WhiteElo "1262"]
[BlackElo "1498"]
[Annotator "NA RC"]
[PlyCount "109"]
[EventDate "2018.08.18"]
[EventType "tourn"]
[EventCountry "FRA"]
[SourceTitle "playchess.com"]
[Source "ChessBase"]
[SourceQuality "1"]
[TimeControl "40/5400+30:1800+30"]

1. e4 c5 2. Nf3 d6 3. d4 cxd4 4. Nxd4 g6 5. c4 Bg7 6. Be3 Nc6 7. Nc3 Nf6 8. a3 a5 9. Be2 Bd7 10. O-O O-O 11. Rc1 Nxd4 12. Bxd4 Bc6 13. Qc2 Rc8 14. Rfd1 Nd7 15. Be3 Qc7 16. Nd5 Bxd5 17. exd5 Ne5 18. b3 b5 19. f4 Nd7 20. Bf2 Nb6 21. Rd2 Qb7 22. Qe4 Rc7 23. Rdc2 Rfc8 24. Bf3 bxc4 25. bxc4 Bh6 26. Rb1 Rxc4 27. Rxc4 Rxc4 28. Qxc4 Nxc4 29. Rxb7 Bxf4 30. Rb8+ Kg7 31. Bd4+ f6 32. g4 Nxa3 33. h4 h6 34. Be4 Nc4 35. h5 g5 36. Bg6 a4 37. Re8 Ne5 38. Rxe7+ Kf8 39. Re8+ Kg7 40. Bxe5 fxe5 41. Kf2 a3 42. Bb1 Bc1 43. Ba2 Kf6 44. Kf3 Bd2 45. Ke4 Bb4 46. Kd3 Kf7 47. Re6 Kg7 48. Ke4 Bc5 49. Kf5 Bb4 50. Re7+ Kg8 51. Kg6 Kf8 52. Re6 Bc5 53. Kxh6 Kf7 54. Kxg5 Be3+ 55. Kf5 1-0

[Event "FRA-ch Open A-D 2018"]
[Site "Nimes"]
[Date "2018.08.18"]
[Round "1"]
[White "Wolfangel, Jocelyne"]
[Black "Brun, Michel"]
[Result "0-1"]
[ECO "A17"]
[WhiteElo "1256"]
[BlackElo "1491"]
[Annotator "NA RC"]
[PlyCount "92"]
[EventDate "2018.08.18"]
[EventType "tourn"]
[EventCountry "FRA"]
[SourceTitle "playchess.com"]
[Source "ChessBase"]
[SourceQuality "1"]
[TimeControl "40/5400+30:1800+30"]

1. c4 Nf6 2. Nc3 e6 3. g3 d5 4. cxd5 Nxd5 5. Bg2 Nxc3 6. bxc3 c6 7. Nf3 Bd6 8. O-O O-O 9. d3 h6 10. Rb1 Nd7 11. d4 Rb8 12. e4 b5 13. e5 Be7 14. Be3 c5 15. Re1 cxd4 16. Nxd4 Nxe5 17. Rxb5 Rxb5 18. Nxb5 Qxd1 19. Rxd1 a6 20. Nd4 Rd8 21. Re1 Bf6 22. Rc1 Nc4 23. Bf1 Nxe3 24. fxe3 e5 25. Nc6 Rd6 26. Nb4 a5 27. Nc2 Rd2 28. a3 Bf5 29. Ne1 Ra2 30. c4 Rxa3 31. Bg2 Rxe3 32. Nf3 e4 33. Nh4 Bxh4 34. gxh4 Bd7 35. c5 Bc6 36. Kf2 Rd3 37. Ke2 f5 38. Rb1 Rc3 39. Rb8+ Kf7 40. Rb2 Rxc5 41. Ke3 a4 42. Kd4 a3 43. Ra2 Ra5 44. Bf1 Bd5 45. Rf2 a2 46. Rxf5+ Kg6 0-1

[Event "FRA-ch Open A-D 2018"]
[Site "Nimes"]
[Date "2018.08.19"]
[Round "2"]
[White "Girardon, Jerome"]
[Black "Guazzelli, Jean-Baptiste"]
[Result "1-0"]
[ECO "B27"]
[WhiteElo "2186"]
[BlackElo "2090"]
[Annotator "NA"]
[PlyCount "61"]
[EventDate "2018.08.18"]
[EventType "tourn"]
[EventCountry "FRA"]
[SourceTitle "playchess.com"]
[Source "ChessBase"]
[SourceQuality "1"]
[TimeControl "40/5400+30:1800+30"]

1. e4 c5 2. Nf3 g6 3. d4 cxd4 4. Nxd4 Bg7 5. Nb3 Nc6 6. Be2 Nf6 7. Nc3 O-O 8. g4 d6 9. g5 Ne8 10. Be3 Be6 11. h4 Nc7 12. f4 d5 13. e5 b6 14. h5 Qd7 15. Qd2 Rab8 16. O-O-O a5 17. hxg6 hxg6 18. Nb5 a4 19. N3d4 Nxd4 20. Nxd4 b5 21. Bd3 Rfc8 22. Qh2 b4 23. f5 gxf5 24. g6 fxg6 25. Qh7+ Kf8 26. Bh6 Ne8 27. Qxg6 Bg8 28. e6 Qc7 29. Bxg7+ Nxg7 30. Rh8 Qf4+ 31. Kb1 1-0

[Event "FRA-ch Open A-D 2018"]
[Site "Nimes"]
[Date "2018.08.19"]
[Round "2"]
[White "Daurelle, Herve"]
[Black "Defromont, Benjamin"]
[Result "1-0"]
[ECO "C04"]
[WhiteElo "2181"]
[BlackElo "2080"]
[Annotator "NA"]
[PlyCount "105"]
[EventDate "2018.08.18"]
[EventType "tourn"]
[EventCountry "FRA"]
[SourceTitle "playchess.com"]
[Source "ChessBase"]
[SourceQuality "1"]
[TimeControl "40/5400+30:1800+30"]

1. e4 e6 2. d4 d5 3. Nd2 Nc6 4. Ngf3 Nf6 5. e5 Nd7 6. Nb3 a5 7. a4 Be7 8. h4 h6 9. Bf4 b6 10. g4 Nf8 11. Qd2 Nb4 12. c3 Ba6 13. Bxa6 Nxa6 14. Kf1 c5 15. Kg2 c4 16. Nc1 h5 17. g5 Ng6 18. Ne2 Qd7 19. Rhb1 Bd8 20. b4 cxb3 21. Rxb3 Rc8 22. Qd3 Nb8 23. Bc1 Ne7 24. Rb5 g6 25. Ba3 Kf8 26. Bxe7+ Qxe7 27. Nd2 Qd7 28. f4 Kg7 29. Qf3 Bc7 30. f5 exf5 31. Nf4 Qc6 32. Nxd5 Bd8 33. c4 Re8 34. Rab1 Nd7 35. Kg1 Nf8 36. Nf6 Bxf6 37. gxf6+ Kg8 38. Qxc6 Rxc6 39. Rxb6 Rxb6 40. Rxb6 Ne6 41. Nf3 Rc8 42. d5 Nf4 43. e6 fxe6 44. dxe6 Nxe6 45. Rxe6 Rxc4 46. Re8+ Kf7 47. Ne5+ Kxe8 48. Nxc4 Kf7 49. Nxa5 Kxf6 50. Nc4 Ke6 51. a5 Kd7 52. Ne5+ Kc8 53. Nxg6 1-0

[Event "FRA-ch Open A-D 2018"]
[Site "Nimes"]
[Date "2018.08.19"]
[Round "2"]
[White "Deveque, Guillaume"]
[Black "Giacomini, Hector"]
[Result "0-1"]
[ECO "D60"]
[WhiteElo "2087"]
[BlackElo "2196"]
[Annotator "NA"]
[PlyCount "81"]
[EventDate "2018.08.18"]
[EventType "tourn"]
[EventCountry "FRA"]
[SourceTitle "playchess.com"]
[Source "ChessBase"]
[SourceQuality "1"]
[TimeControl "40/5400+30:1800+30"]

1. Nf3 d5 2. c4 e6 3. d4 Nf6 4. Bg5 Be7 5. Nc3 O-O 6. e3 Nbd7 7. cxd5 exd5 8. Rc1 c6 9. Bd3 Re8 10. Bb1 Nf8 11. Ne5 N6d7 12. Bf4 Nxe5 13. Bxe5 Bd6 14. Bxd6 Qxd6 15. O-O Bd7 16. Qc2 Re7 17. Rfe1 Rae8 18. Qa4 a6 19. Qa5 f5 20. Qc5 Qf6 21. a4 f4 22. e4 Ne6 23. Qd6 Nxd4 24. Qxf6 gxf6 25. Rcd1 Nf5 26. Kf1 f3 27. gxf3 Nh4 28. Re3 Bh3+ 29. Ke2 Ng2 30. Rg1 Kf8 31. Rxg2 Bxg2 32. exd5 Bh3 33. dxc6 bxc6 34. Ne4 Bf5 35. Bd3 Bxe4 36. fxe4 Rb8 37. Bxa6 Rxb2+ 38. Kf3 Ra7 39. Bf1 Rxa4 40. Rc3 Raa2 41. Rc1 0-1

[Event "FRA-ch Open A-D 2018"]
[Site "Nimes"]
[Date "2018.08.19"]
[Round "2"]
[White "Figier, Anthony"]
[Black "Vedovotto, Nicolas"]
[Result "1/2-1/2"]
[ECO "C44"]
[WhiteElo "2082"]
[BlackElo "2186"]
[Annotator "NA"]
[PlyCount "115"]
[EventDate "2018.08.18"]
[EventType "tourn"]
[EventCountry "FRA"]
[SourceTitle "playchess.com"]
[Source "ChessBase"]
[SourceQuality "1"]
[TimeControl "40/5400+30:1800+30"]

1. e4 Nc6 2. d4 e5 3. Nf3 exd4 4. Nxd4 Nf6 5. Nc3 Bb4 6. Nxc6 bxc6 7. Bd3 O-O 8. O-O d5 9. exd5 cxd5 10. Bg5 c6 11. Qf3 h6 12. Bxf6 Qxf6 13. Qxf6 gxf6 14. Ne2 Rb8 15. b3 c5 16. c4 Ba6 17. Rac1 Rfe8 18. Ng3 Rbd8 19. Nf5 Bd2 20. Rc2 dxc4 21. Bxc4 Bc8 22. Ng3 Rd4 23. Nh5 Re5 24. Rd1 Bc3 25. Rdc1 Bb4 26. Ng3 h5 27. Bf1 Be6 28. f3 h4 29. Ne4 Bf5 30. Nxf6+ Kg7 31. Ne4 Bxe4 32. fxe4 Bd2 33. Rb1 Be3+ 34. Kh1 Rdxe4 35. g3 hxg3 36. hxg3 Rg5 37. Rg2 Reg4 38. Bc4 f5 39. Be2 Rxg3 40. Rxg3 Rxg3 41. Kh2 Rg6 42. Rd1 Bd4 43. b4 Be5+ 44. Kh1 cxb4 45. Rd7+ Kf6 46. Rxa7 Kg5 47. Rb7 Kf4 48. Rb5 Ke4 49. Bd1 Rh6+ 50. Kg1 Bd4+ 51. Kg2 Ra6 52. Bb3 Bc3 53. Kf2 f4 54. Bd5+ Kd4 55. Kf3 Bd2 56. Bb3 Kc3 57. Rc5+ Kd4 58. Rd5+ 1/2-1/2

[Event "FRA-ch Open A-D 2018"]
[Site "Nimes"]
[Date "2018.08.19"]
[Round "2"]
[White "Lebugle, Philippe"]
[Black "Lancelot, Renaud"]
[Result "1/2-1/2"]
[ECO "C01"]
[WhiteElo "1967"]
[BlackElo "1882"]
[Annotator "NA"]
[PlyCount "133"]
[EventDate "2018.08.18"]
[EventType "tourn"]
[EventCountry "FRA"]
[SourceTitle "playchess.com"]
[Source "ChessBase"]
[SourceQuality "1"]
[TimeControl "40/5400+30:1800+30"]

1. e4 e6 2. d4 d5 3. exd5 exd5 4. Bd3 Bd6 5. Qf3 Nc6 6. c3 Be6 7. Ne2 Qd7 8. h3 Nge7 9. Bf4 O-O-O 10. Bxd6 Qxd6 11. Nd2 f6 12. O-O-O Bf7 13. Nf4 Kb8 14. Nf1 Ng6 15. Nxg6 hxg6 16. Ne3 Ne7 17. h4 Rh6 18. g3 Rdh8 19. Rhe1 Rh5 20. Ng2 Rd8 21. Rd2 Rhh8 22. Rde2 Rhe8 23. Nf4 Nf5 24. Rxe8 Bxe8 25. Ne6 Qe7 26. Re2 Rc8 27. Bxf5 gxf5 28. Qxf5 Bf7 29. Nf4 Qd6 30. Qg4 g6 31. Qf3 g5 32. hxg5 fxg5 33. Nh3 Qg6 34. Qg4 Rh8 35. f4 Qd3 36. Nf2 Qc4 37. a3 a6 38. Re1 gxf4 39. Qxf4 Bg6 40. Qf6 Rg8 41. Qf3 Qa2 42. Nd3 Be4 43. Qf7 Rxg3 44. Qe8+ Ka7 45. Rxe4 dxe4 46. Qxe4 Qa1+ 47. Kc2 Rg1 48. Kb3 Qd1+ 49. Kb4 Qg4 50. Qe5 Qd7 51. a4 Qd6+ 52. Qxd6 cxd6 53. Kc4 Rg5 54. b4 Kb6 55. Nf4 Kc6 56. d5+ Kd7 57. Ne6 Rg4+ 58. Nd4 Rh4 59. a5 Ke7 60. Kb3 Kf6 61. b5 axb5 62. Nxb5 Ke5 63. c4 Rh1 64. Kc3 Ra1 65. Kb4 Rb1+ 66. Ka4 Ra1+ 67. Kb4 1/2-1/2

[Event "FRA-ch Open A-D 2018"]
[Site "Nimes"]
[Date "2018.08.19"]
[Round "2"]
[White "Boes, Remi"]
[Black "Canonge, Jerome"]
[Result "1-0"]
[ECO "D02"]
[WhiteElo "1946"]
[BlackElo "1873"]
[Annotator "NA"]
[PlyCount "57"]
[EventDate "2018.08.18"]
[EventType "tourn"]
[EventCountry "FRA"]
[SourceTitle "playchess.com"]
[Source "ChessBase"]
[SourceQuality "1"]
[TimeControl "40/5400+30:1800+30"]

1. d4 d5 2. Nf3 Nc6 3. c4 Bg4 4. Nc3 Bxf3 5. gxf3 e5 6. cxd5 exd4 7. dxc6 dxc3 8. Qb3 bxc6 9. Qxc3 Qf6 10. Qxf6 Nxf6 11. e4 Bb4+ 12. Ke2 O-O 13. Rg1 Rfe8 14. Be3 Rad8 15. Rc1 Rd6 16. Bh3 Nh5 17. a3 Ba5 18. Rc5 Bb6 19. Rxh5 Bxe3 20. Kxe3 Red8 21. Bf1 Rd2 22. b3 Rd1 23. Rhg5 g6 24. Bc4 R1d2 25. h4 Kg7 26. Rc5 Rc2 27. Rxc6 Rc3+ 28. Kf4 Rd2 29. Rg2 1-0

[Event "FRA-ch Open A-D 2018"]
[Site "Nimes"]
[Date "2018.08.19"]
[Round "2"]
[White "Grandmougin, Olivier"]
[Black "Vincensini, Emmanuel"]
[Result "1/2-1/2"]
[ECO "B12"]
[WhiteElo "1941"]
[BlackElo "1866"]
[Annotator "NA"]
[PlyCount "89"]
[EventDate "2018.08.18"]
[EventType "tourn"]
[EventCountry "FRA"]
[SourceTitle "playchess.com"]
[Source "ChessBase"]
[SourceQuality "1"]
[TimeControl "40/5400+30:1800+30"]

1. e4 c6 2. d4 d5 3. f3 e5 4. dxe5 Bc5 5. Bf4 Qb6 6. Ne2 Bf2+ 7. Kd2 Ne7 8. Kc3 Na6 9. b3 dxe4 10. Nd2 Be6 11. Nxe4 O-O 12. Nxf2 Qxf2 13. Bg3 Qb6 14. Qd4 c5 15. Qd6 Nd5+ 16. Kb2 Qa5 17. Be1 Qc7 18. Qxc7 Naxc7 19. Bf2 b6 20. Nc3 Nxc3 21. Kxc3 Rfd8 22. Bd3 Nd5+ 23. Kb2 Nb4 24. Rad1 Nxd3+ 25. Rxd3 c4 26. Rd6 Rxd6 27. exd6 Rd8 28. Rd1 Kf8 29. Kc3 Ke8 30. b4 b5 31. Bg3 Ra8 32. Kd4 Rc8 33. c3 Kd7 34. a4 bxa4 35. Ra1 a6 36. Rxa4 Rc6 37. Ra5 Rb6 38. Rg5 g6 39. Rc5 Rc6 40. Be5 h5 41. h4 f5 42. Bf4 Bf7 43. Ke5 Rxd6 44. Ra5 Rc6 45. Kd4 1/2-1/2